 Dungeon Crawl Stone Soup version 0.25-a0-513-ge77a692 (webtiles) character file.

Game seed: 3368203233941045839, levelgen mode: deterministic

2869 Ceann the Magician (level 9, -1/56 HPs)
             Began as an Octopode Wizard on Feb 15, 2020.
             Was an Initiate of Vehumet.
             Slain by a centaur warrior zombie (7 damage)
             ... on level 7 of the Dungeon.
             The game lasted 00:27:47 (9355 turns).

Ceann the Magician (Octopode Wizard)                Turns: 9355, Time: 00:27:47

Health: -1/56      AC:  1    Str:  6    XL:     9   Next: 76%
Magic:  3/28       EV: 14    Int: 23    God:    Vehumet [......]
Gold:   348        SH:  0    Dex: 11    Spells: 16/22 levels left

rFire    . . .     SeeInvis .   s - +1 halberd (venom)
rCold    . . .     Gourm    .   (shield currently unavailable)
rNeg     . . .     Faith    .   a - +0 hat
rPois    .         Spirit   .   C - amulet of the acrobat
rElec    .         Reflect  .   i - ring of protection from magic
rCorr    .         Harm     .   v - ring of flight
MR       +....                  y - ring of magical power
Stlth    ++++......             (no ring)
HPRegen  0.18/turn              (no ring)
MPRegen  0.21/turn              (no ring)
                                (no ring)
                                (no ring)

@: lightly drained
A: almost no armour, stealthy swim, amphibious, 8 rings, constrict 8, camouflage
1, gelatinous body 1
a: Renounce Religion, Evoke Flight


You were on level 7 of the Dungeon.
You worshipped Vehumet.
Vehumet was noncommittal.
You were not hungry.

You visited 2 branches of the dungeon, and saw 8 of its levels.

You collected 348 gold pieces.

Inventory:

Hand Weapons
 s - a +1 halberd of venom (weapon)
Missiles
 q - 6 poisoned darts (quivered)
Armour
 a - a +0 hat (worn)
Jewellery
 i - a ring of protection from magic (left tentacle)
 v - a ring of flight (right tentacle)
 y - a ring of magical power (on tentacle)
 C - an amulet of the acrobat (around mantle)
Wands
 t - a wand of digging (3)
Scrolls
 d - 4 scrolls of teleportation {unknown}
 e - 4 scrolls of identify {unknown}
 h - 2 scrolls of fog {unknown}
 j - 2 scrolls of enchant weapon {unknown}
 n - 3 scrolls of enchant armour {unknown}
 o - 3 scrolls of magic mapping {unknown}
 r - a scroll of remove curse {unknown}
 w - 2 scrolls of immolation {unknown}
 A - a scroll of fear {unknown}
Potions
 b - 2 potions of curing
 f - a potion of haste {unknown}
 g - a potion of resistance {unknown}
 k - a potion of experience {unknown}
 l - a potion of might
 m - a potion of cancellation {unknown}
 p - a potion of degeneration {unknown}
 u - 2 potions of invisibility {unknown}
 x - a potion of lignification {unknown}
 z - a potion of ambrosia {unknown}
 B - a potion of heal wounds {unknown}
Comestibles
 c - 9 rations
 D - 2 chunks of flesh


   Skills:
 + Level 3.1 Fighting
 + Level 5.5 Polearms
 + Level 1.3 Throwing
 + Level 3.6 Dodging
 + Level 5.1 Stealth
 + Level 0.9 Unarmed Combat
 + Level 7.2 Spellcasting
 + Level 6.1 Conjurations
   Level 1.0(0.9) Summonings
 + Level 1.0(0.9) Translocations
 - Level 2.3(2.2) Air Magic
 - Level 3.0(2.9) Poison Magic


You had 16 spell levels left.
You knew the following spells:

 Your Spells              Type           Power        Failure   Level  Hunger
a - Magic Dart            Conj           ####         1%          1    None
c - Mephitic Cloud        Conj/Pois/Air  ####....     4%          3    None
o - Blink                 Tloc           N/A          8%          2    None

Your spell library contained the following spells:

 Spells                   Type           Power        Failure   Level  Hunger
 Conjure Flame            Conj/Fire      ###.....     6%          3    None
 Call Imp                 Summ           ##......     8%          2    None
 Slow                     Hex            #.......     12%         2    None


Dungeon Overview and Level Annotations

Branches:
Dungeon (7/15)             Temple (1/1) D:6

Altars:
Ashenzari
Cheibriados
Dithmenos
Elyvilon
Fedhas
Gozag
Hepliaklqana
Makhleb
Nemelex Xobeh
Okawaru
Qazlal
Ru
Trog
Vehumet
Wu Jian
Xom
Yredelemnul
The Shining One


Innate Abilities, Weirdness & Mutations

You cannot wear most types of armour.
You are very stealthy in the water. (Stealth+)
You are amphibious.
You can wear up to eight rings at the same time.
You can use your tentacles to constrict eight enemies at once.
Your skin changes colour to match your surroundings (Stealth+).
Your rubbery body absorbs attacks. (AC +1, EV +1)


Message History

Aim: a centaur warrior zombie (severely damaged)
The magic dart hits the centaur warrior zombie but does no damage.
The centaur warrior zombie is severely damaged.
The centaur warrior zombie hits you!
* * * LOW HITPOINT WARNING * * *
Casting: Magic Dart (safe; 1% risk of failure)
Confirm with . or Enter, or press ? or * to list all spells.
Aiming: Magic Dart (safe; 1% risk of failure)
Press: ? - help, Shift-Dir - straight line, f/p - centaur warrior zombie
Aim: a centaur warrior zombie (severely damaged)
The magic dart hits the centaur warrior zombie!
The centaur warrior zombie is almost destroyed.
The centaur warrior zombie hits you.
* * * LOW HITPOINT WARNING * * *
You barely miss the centaur warrior zombie.
The centaur warrior zombie is almost destroyed.
The centaur warrior zombie hits you.
* * * LOW HITPOINT WARNING * * *
The centaur warrior zombie hits you!
You die...

).# #.# #.#
####.#######
#...........
#..........^
#...Z.......
#...@.......
#...#.......
+...+.......
#...#####.##
##.....<# #
#.###### #.#
#.# #.#


You could see a centaur warrior zombie.

Vanquished Creatures
  Prince Ribbit (D:6)
  Sigmund (D:5)
  Menkaure (D:6)
  Edmund (D:5)
  A water moccasin (D:6)
  An ice beast (D:6)
  2 sky beasts (D:5)
  An ogre (D:3)
  A necrophage (D:6)
  A centaur (D:7)
  A phantom (D:7)
  2 bullfrogs (D:6)
  A scorpion (D:5)
  2 howler monkeys
  5 crimson imps
  A centaur zombie (D:7)
  3 orc priests
  3 gnoll shamans (D:3)
  6 orc wizards
  A jelly (D:6)
  7 worker ants
  2 hound skeletons
  A worker ant zombie (D:7)
  A howler monkey zombie (D:5)
  34 gnolls (D:3)
  5 adders
  An ooze (D:5)
  An adder skeleton (D:4)
  A worm (D:3)
  A dart slug (D:3)
  31 orcs
  3 ball pythons
  7 giant cockroaches
  6 goblins
  8 hobgoblins
  21 jackals
  4 quokkas
  5 bats
  6 frilled lizards
  2 jackal skeletons
  6 kobolds
  6 rats
195 creatures vanquished.

Notes
Turn   | Place    | Note
-------+----------+-------------------------------------------
     0 | D:1      | Ceann the Octopode Wizard began the quest for the Orb.
     0 | D:1      | Reached XP level 1. HP: 11/11 MP: 4/4
   491 | D:2      | Reached XP level 2. HP: 17/17 MP: 1/6
  1041 | D:2      | Found a blossoming altar of Fedhas.
  1084 | D:2      | Reached XP level 3. HP: 19/21 MP: 1/8
  1619 | D:2      | Found a burning altar of Makhleb.
  1852 | D:3      | Reached XP level 4. HP: 19/27 MP: 6/9
  1937 | D:3      | Learned a level 3 spell: Mephitic Cloud
  1959 | D:3      | Reached skill level 4 in Spellcasting
  3026 | D:3      | Reached XP level 5. HP: 26/32 MP: 4/11
  3247 | D:3      | Reached skill level 1 in Poison Magic
  3464 | D:3      | Reached skill level 1 in Air Magic
  3617 | D:3      | Reached XP level 6. HP: 31/37 MP: 7/12
  3957 | D:3      | Reached XP level 7. HP: 37/42 MP: 6/14
  4081 | D:3      | Reached skill level 5 in Spellcasting
  5120 | D:4      | Reached skill level 1 in Polearms
  5463 | D:4      | Reached skill level 1 in Fighting
  5628 | D:4      | Learned a level 2 spell: Blink
  5647 | D:4      | Found a bloodstained altar of Trog.
  6016 | D:5      | Entered Level 5 of the Dungeon
  6038 | D:5      | Reached XP level 8. HP: 37/48 MP: 11/16
  6131 | D:5      | Noticed Edmund
  6164 | D:5      | Killed Edmund
  6242 | D:5      | Noticed Sigmund
  6263 | D:5      | Killed Sigmund
  6263 | D:5      | Reached skill level 1 in Throwing
  6387 | D:5      | Reached skill level 6 in Spellcasting
  6472 | D:5      | Found a shattered altar of Ashenzari.
  6472 | D:5      | Found a sparkling altar of Nemelex Xobeh.
  6526 | D:5      | Reached skill level 5 in Conjurations
  6887 | D:5      | Reached XP level 9. HP: 41/54 MP: 9/18
  7348 | D:6      | Noticed Menkaure
  7353 | D:6      | Killed Menkaure
  7663 | D:6      | Reached skill level 5 in Polearms
  7921 | D:6      | Found a staircase to the Ecumenical Temple.
  7931 | Temple   | Entered the Ecumenical Temple
  7975 | Temple   | Became a worshipper of Vehumet
  8417 | D:6      | Reached skill level 5 in Stealth
  8563 | D:6      | Noticed Prince Ribbit
  8575 | D:6      | Killed Prince Ribbit
  8575 | D:6      | Reached skill level 7 in Spellcasting
  9068 | D:7      | Noticed a hellwing
  9069 | D:7      | Noticed a hellwing
  9355 | D:7      | Slain by a centaur warrior zombie

Levels and vault maps discovered:
D:1:      dpeg_arrival_tiny_a, layout_rooms, minivault_24
D:2:      layout_basic, lemuel_doored_altar, fedhas_altar_2
D:3:      lemuel_castle_with_subvaults [lemuel_castle_interior_carwin_3],
          layout_rooms
D:4:      layout_loops_corners, bloody_trog
D:5:      layout_loops_ring, gammafunk_temple_overflow_elements, first_ration,
          hangedman_minor_gate_pass, uniq_edmund, uniq_sigmund
D:6:      layout_basic, minmay_temple_entry_mist, uniq_menkaure,
          uniq_prince_ribbit1
D:7:      cheibrodos_grave_circle, layout_basic, led_sif_book
Temple:   nicolae_temple_elliptical

Skill      XL: |  1  2  3  4  5  6  7  8  9 |
---------------+----------------------------+-----
Stealth        | 3 5 |  5.1
Spellcasting   | 4 5 6 7 |  7.2
Conjurations   | 2 3 4 5 6 |  6.1
Poison Magic   | 1 2 3 |  3.0
Air Magic      | 1 2 |  2.3
Polearms       | 1 4 5 |  5.5
Fighting       | 1 2 3 |  3.1
Throwing       | 1 |  1.3
Dodging        | 3 |  3.6
Unarmed Combat | |  0.9
Summonings     | |  1.0
Translocations | |  1.0

Action                   |  1- 3 |  4- 6 |  7- 9 || total
-------------------------+-------+-------+-------++-------
Melee: Unarmed           |    18 |    10 |       ||    28
       Constrict         |     3 |     4 |    23 ||    30
       Tentacles         |     2 |     1 |     9 ||    12
       Halberd           |       |     1 |   105 ||   106
Throw: Dart              |       |     1 |    17 ||    18
       Throwing net      |       |       |     1 ||     1
 Cast: Magic Dart        |    83 |   142 |   315 ||   540
       Mephitic Cloud    |       |    13 |    27 ||    40
  Use: Potion            |       |       |     1 ||     1
 Stab: Confused          |       |       |     5 ||     5
       Sleeping          |       |       |     2 ||     2
  Eat: Chunk             |     2 |     7 |    18 ||    27
Armor: Skin              |    10 |     3 |     4 ||    17
Dodge: Dodged            |    57 |    24 |   112 ||   193

Table legend:
 A = Non-vault XP
 B = Vault XP
 C = Vault XP percentage of total XP
 D = Non-vault monster count
 E = Vault monster count
 F = Vault count percentage of total count
                 A         B        C        D         E       F
            +---------+---------+-------+---------+---------+-------
      Total |    2448 |    1651 |  40.3 |     138 |      57 |  29.2
            +---------+---------+-------+---------+---------+-------
        D:1 |       9 |       0 |   0.0 |       6 |       0 |   0.0
        D:2 |      71 |       0 |   0.0 |      25 |       0 |   0.0
        D:3 |      77 |     734 |  90.5 |      27 |      51 |  65.4
        D:4 |     269 |       0 |   0.0 |      25 |       0 |   0.0
        D:5 |     739 |     471 |  38.9 |      27 |       4 |  12.9
        D:6 |     980 |     446 |  31.3 |      22 |       2 |   8.3
        D:7 |     303 |       0 |   0.0 |       6 |       0 |   0.0
            +---------+---------+-------+---------+---------+-------
